 Dungeon Crawl Stone Soup version 0.30-a0-377-g5cb311bc9f (webtiles) character file.

Game seed: 11699491970595752743

14 lunkers the Insei (level 2, 0/23 HPs)
             Began as a Meteoran Transmuter on Nov 30, 2022.
             Succumbed to an adder's poison
             ... on level 2 of the Dungeon.
             The game lasted 00:01:25 (295 turns).

lunkers the Insei (Meteoran Transmuter)              Turns: 295, Time: 00:01:26

Health: 0/23       AC:  2    Str: 11    XL:     2   Next: 76%
Magic:  6/6        EV: 12    Int: 14    God:
Gold:   49         SH:  0    Dex: 14    Spells: 5/6 levels left

rFire   . . .      SeeInvis .      - Unarmed
rCold   . . .      Faith    .    (no shield)
rNeg    . . .      Spirit   .    a - +0 robe
rPois   .          Reflect  .    (no helmet)
rElec   .          Harm     .    (no cloak)
rCorr   .          Rampage  .    (no gloves)
Will    .....                    (no boots)
Stlth   +.........               (no amulet)
HPRegen 0.23/turn                (no ring)
MPRegen 0.10/turn                (no ring)

@: lethally poisoned (0 -> -6), glowing
A: sense surroundings 1, otherworldly, glowing, explore regen
a: no special abilities


You were on level 2 of the Dungeon.
You visited 1 branch of the dungeon, and saw 2 of its levels.

You collected 49 gold pieces.

Inventory:

Armour
 a - a +0 robe (worn)
Scrolls
 c - a scroll of summoning {unknown}
Potions
 b - a potion of lignification
 d - a potion of curing {unknown}


   Skills:
 - Level 1.1 Fighting
 - Level 2.4 Dodging
 + Level 4.5 Unarmed Combat
 - Level 2.6 Spellcasting
 - Level 2.4 Transmutations


You had 5 spell levels left.
You knew the following spells:

 Your Spells              Type           Power      Damage    Failure   Level
p - Beastly Appendage     Tmut           16%        N/A       9%          1

Your spell library contained the following spells:

 Spells                   Type           Power      Damage    Failure   Level
 Wereblood                Tmut           8%         N/A       12%         2
 Spider Form              Tmut/Pois      5%         N/A       38%         3
 Ice Form                 Ice/Tmut       5%         N/A       80%         4


Dungeon Overview and Level Annotations

Branches:
Dungeon (2/15) Zot: 908

Altars:


Innate Abilities, Weirdness & Mutations

You passively map a small area around you.
You are easily found by Zot.
You glow in the dark.
You regain HP and MP as you explore.


Message History

The adder bites you.
You are poisoned.
The adder poisons you!
You completely miss the adder.
The adder is moderately wounded.
You feel sick. The adder bites you.
You closely miss the adder.
The adder is moderately wounded.
You feel sick. The adder closely misses you.
You barely miss the adder.
The adder is moderately wounded.
You feel sick. The adder barely misses you.
You closely miss the adder.
The adder is moderately wounded.
You feel sick. The adder barely misses you.
You hit the adder.
The adder is severely wounded.
You feel sick. The adder bites you.
* * * LOW HITPOINT WARNING * * *
The adder closely misses you.
You miss the adder.
The adder is severely wounded.
You feel sick. The adder bites you.
* * * LOW HITPOINT WARNING * * *
You are more poisoned.
The adder poisons you!
You miss the adder.
The adder is severely wounded.
You feel sick. The adder bites you.
* * * LOW HITPOINT WARNING * * *
You are lethally poisoned!
The adder poisons you!
You closely miss the adder.
The adder is severely wounded.
* * * LOW HITPOINT WARNING * * *
You feel sick. The adder bites you.
* * * LOW HITPOINT WARNING * * *
You barely miss the adder.
The adder is severely wounded.
You die...

#...## , * #....#
* #....# #....#
#....#
#####....####
#...S........
#.###@...#### *
#.#.......... ,
#####.#.#########*
.................
,
######.#.#########
#.#...........#
#.#.####.#.##.#
#.#.#....#.# #
#.#.#.##.#.#


You could see an adder.

Vanquished Creatures
  A dart slug (D:1)
  2 endoplasms (D:2)
  A goblin (D:1)
  3 hobgoblins (D:1)
  2 ball pythons (D:1)
  A bat (D:1)
10 creatures vanquished.

Vanquished Creatures (others)
  2 plants (D:1)
2 creatures vanquished.

Grand Total: 12 creatures vanquished

Notes
Turn   | Place    | Note
-------+----------+-------------------------------------------
     0 | D:1      | lunkers the Meteoran Transmuter began the quest for the
                  | Orb.
     0 | D:1      | Reached XP level 1. HP: 16/16 MP: 5/5
    82 | D:1      | Reached skill level 4 in Unarmed Combat
    82 | D:1      | Reached XP level 2. HP: 19/23 MP: 6/6
   180 | D:1      | Found a faded altar of an unknown god.
   294 | D:2      | HP: 1/23 [adder (2)]
   295 | D:2      | Succumbed to an adder's poison

Illustrated notes

Levels and vault maps discovered:
D:1:      lightli_arrival_maybe_door_vault, layout_basic,
          shapermc_ecumenical_altar_petra, serial_forest,
          infiniplex_forest_clump_small, infiniplex_forest_corner_2,
          infiniplex_forest_clump_curved, infiniplex_forest_straight_5,
          infiniplex_forest_corner_2, infiniplex_forest_zigzag_1,
          infiniplex_forest_clump_curved, roderic_lattice_a
D:2:      layout_basic, basic_altar, nicolae_underground_beach, uniq_sigmund,
          uniq_terence

Skill      XL: |  1 |
---------------+----+-----
Unarmed Combat | 4 |  4.5
Fighting       | |  1.1
Dodging        | |  2.4
Spellcasting   | |  2.6
Transmutations | |  2.4

Action                   || total
-------------------------++-------
Melee: Unarmed           ||    37
       Kick              ||     3
       Punch             ||     2
 Cast: Beastly Appendage ||     4
 Stab: Sleeping          ||     1
Armor: Robe              ||     6
Dodge: Dodged            ||    18

Table legend: (Time is in decaauts)
 A = Elapsed time spent in this place.
 B = Non-inter-level travel time spent in this place.
 C = Inter-level travel time spent in this place.
 D = Time resting spent in this place.
 E = Time spent auto-exploring this place.
 F = Levels seen in this place.
 G = Mean time per level.
                   A        B        C        D        E       F      G
               +--------+--------+--------+--------+--------+-----+--------+
         Total |    291 |    251 |     40 |      0 |    159 |   2 |  145.5 |
       Dungeon |    291 |    251 |     40 |      0 |    159 |   2 |  145.5 |
               +--------+--------+--------+--------+--------+-----+--------+

Top non-repeatable levels by time:
     D:1: 223 daAuts
     D:2: 68 daAuts
